1782 views
Uploaded 2023-03-11 03:40:44
Game version 1.35 (6115)
33:47 long 2on2 ladder game on (4)twistedmeadows s3
Saved by GIGA
1782 views
Uploaded 2023-03-11 03:40:44
Game version 1.35 (6115)
33:47 long 2on2 ladder game on (4)twistedmeadows s3


73 units @ 12.1k
/ 2.3k
91 buildings @ 8.9k
/ 3.4k


| Healing Salve | 4 | 400 |
| Lesser Clarity Potion | 3 | 210 |
| Scroll of Speed | 1 | 50 |
| Potion of Healing | 2 | 300 |
| Scroll of Healing | 1 | 250 |
| Potion of Lesser Invulnerability | 1 | 150 |
| total: | 12 | 1360g |
| Peon | 9 | 675 | / | 0 |
| Grunt | 4 | 800 | / | 0 |
| Shaman | 4 | 520 | / | 80 |
| Spirit Walker | 1 | 195 | / | 35 |
| Demolisher | 4 | 880 | / | 200 |
| Tauren | 3 | 840 | / | 240 |
| total: | 25 | 3910g | / | 555w |
| Altar of Storms | 1 | 180 | / | 50 |
| Orc Burrow | 12 | 1920 | / | 480 |
| Voodoo Lounge | 1 | 130 | / | 30 |
| Barracks | 1 | 180 | / | 50 |
| War Mill | 2 | 410 | / | 0 |
| Great Hall | 1 | 385 | / | 185 |
| Spirit Lodge | 1 | 150 | / | 150 |
| Tauren Totem | 1 | 135 | / | 155 |
| Stronghold | 1 | 315 | / | 190 |
| Fortress | 1 | 325 | / | 190 |
| total: | 20 | 3490g | / | 1100w |
| 0:01 | Peon |
| 0:01 | Peon |
| 0:04 | Altar of Storms |
| 0:11 | Orc Burrow |
| 0:29 | Peon |
| 0:32 | Voodoo Lounge |
| 0:45 | Peon |
| 0:56 | Peon |
| 1:05 | Peon |
| 1:19 | Peon |
| 1:30 | Barracks |
| 1:34 | Peon |
| 1:47 | Orc Burrow |
| 2:04 | Healing Salve |
| 2:04 | Lesser Clarity Potion |
| 2:04 | Lesser Clarity Potion |
| 2:06 | Wind Walk |
| 2:09 | Peon |
| 2:35 | Grunt |
| 3:12 | Stronghold |
| 3:32 | Grunt |
| 3:37 | Orc Burrow |
| 4:15 | Grunt |
| 4:18 | War Mill |
| 5:00 | Grunt |
| 5:30 | Critical Strike |
| 5:40 | Spirit Lodge |
| 5:45 | Tauren Totem |
| 6:13 | Fortress |
| 6:38 | Healing Salve |
| 6:39 | Scroll of Speed |
| 6:56 | Healing Salve |
| 6:58 | Potion of Healing |
| 7:04 | Healing Wave |
| 7:12 | Shaman |
| 7:23 | Orc Burrow |
| 7:53 | Potion of Lesser Invulnerability |
| 8:23 | Shaman Adept Training |
| 8:25 | Spirit Walker |
| 8:27 | Wind Walk |
| 8:29 | Steel Armor |
| 8:58 | Hex |
| 9:03 | Shaman |
| 10:00 | Scroll of Healing |
| 10:10 | Demolisher |
| 10:11 | Burning Oil |
| 10:13 | Orc Burrow |
| 10:37 | Shaman Master Training |
| 10:37 | Shaman |
| 10:40 | Steel Melee Weapons |
| 10:42 | Demolisher |
| 11:11 | Demolisher |
| 11:16 | Shaman |
| 11:44 | Healing Wave |
| 11:49 | Tauren |
| 11:51 | Orc Burrow |
| 12:14 | Healing Salve |
| 12:27 | Lesser Clarity Potion |
| 12:31 | Potion of Healing |
| 12:48 | Steel Ranged Weapons |
| 13:33 | Tauren |
| 13:49 | Critical Strike |
| 15:13 | Pulverize |
| 15:13 | Tauren |
| 15:16 | Orc Burrow |
| 15:56 | Thorium Ranged Weapons |
| 16:05 | Great Hall |
| 17:00 | Demolisher |
| 20:26 | Orc Burrow |
| 20:31 | Orc Burrow |
| 20:49 | Orc Burrow |
| 21:25 | Orc Burrow |
| 21:29 | Orc Burrow |
| 21:45 | War Mill |
| Right click | 1305 |
| Select | 465 |
| Select group | 263 |
| Build/train/purchase | 92 |
| Use ability | 67 |
| Misc. action | 45 |
| Assign group | 26 |
| Resource trade | 5 |
| Item give/drop | 3 |
| Minimap ping | 2 |
| Remove unit | 1 |


| Lesser Clarity Potion | 4 | 280 |
| Scroll of Regeneration | 3 | 300 |
| Orb of Fire | 2 | 650 |
| Scroll of Town Portal | 1 | 350 |
| Circlet of Nobility | 1 | 175 |
| Potion of Lesser Invulnerability | 1 | 150 |
| total: | 12 | 1905g |
| Peasant | 14 | 1050 | / | 0 |
| Rifleman | 11 | 2255 | / | 330 |
| Knight | 9 | 2205 | / | 540 |
| Siege Engine | 7 | 1365 | / | 420 |
| Mortar Team | 6 | 1080 | / | 420 |
| Goblin Zeppelin | 1 | 240 | / | 60 |
| total: | 48 | 8195g | / | 1770w |
| Scout Tower | 38 | 1140 | / | 760 |
| Arcane Tower | 3 | 210 | / | 150 |
| Guard Tower | 33 | 2310 | / | 1650 |
| Altar of Kings | 3 | 540 | / | 150 |
| Farm | 19 | 1520 | / | 380 |
| Barracks | 1 | 160 | / | 60 |
| Blacksmith | 1 | 140 | / | 60 |
| Arcane Vault | 1 | 130 | / | 30 |
| Lumber Mill | 3 | 360 | / | 0 |
| Town Hall | 3 | 1155 | / | 615 |
| Cannon Tower | 3 | 360 | / | 300 |
| Workshop | 2 | 280 | / | 280 |
| Keep | 2 | 640 | / | 420 |
| Castle | 2 | 720 | / | 420 |
| total: | 71 | 5425g | / | 2335w |
| 0:02 | Peasant |
| 0:03 | Peasant |
| 0:22 | Peasant |
| 0:23 | Peasant |
| 0:26 | Altar of Kings |
| 0:34 | Farm |
| 0:38 | Barracks |
| 0:53 | Blacksmith |
| 1:01 | Peasant |
| 1:18 | Farm |
| 1:22 | Peasant |
| 1:35 | Peasant |
| 1:43 | Scout Tower |
| 1:55 | Farm |
| 2:07 | Rifleman |
| 2:19 | Arcane Tower |
| 2:33 | Holy Light |
| 2:49 | Rifleman |
| 3:07 | Rifleman |
| 3:12 | Devotion Aura |
| 3:27 | Peasant |
| 3:35 | Arcane Vault |
| 3:41 | Lumber Mill |
| 3:54 | Farm |
| 4:12 | Rifleman |
| 4:38 | Rifleman |
| 4:55 | Devotion Aura |
| 5:03 | Rifleman |
| 5:08 | Farm |
| 5:29 | Black Gunpowder |
| 5:30 | Studded Leather Armor |
| 6:18 | Rifleman |
| 6:23 | Keep |
| 6:25 | Holy Light |
| 7:01 | Lesser Clarity Potion |
| 7:05 | Scroll of Regeneration |
| 7:08 | Lesser Clarity Potion |
| 7:27 | Rifleman |
| 7:48 | Circlet of Nobility |
| 8:24 | Farm |
| 8:25 | Farm |
| 8:40 | Potion of Lesser Invulnerability |
| 9:08 | Castle |
| 9:39 | Long Rifles |
| 9:58 | Scout Tower |
| 9:59 | Scout Tower |
| 10:02 | Improved Lumber Harvesting |
| 10:02 | Improved Masonry |
| 10:14 | Scout Tower |
| 10:17 | Scout Tower |
| 10:21 | Flame Strike |
| 10:29 | Guard Tower |
| 10:30 | Guard Tower |
| 10:41 | Scout Tower |
| 10:43 | Scout Tower |
| 10:46 | Guard Tower |
| 10:48 | Guard Tower |
| 11:22 | Town Hall |
| 11:50 | Animal War Training |
| 12:07 | Siphon Mana |
| 12:21 | Workshop |
| 12:24 | Workshop |
| 13:32 | Knight |
| 13:32 | Knight |
| 13:38 | Guard Tower |
| 13:40 | Cannon Tower |
| 13:52 | Devotion Aura |
| 14:03 | Fragmentation Shards |
| 14:04 | Flare |
| 14:09 | Barrage |
| 14:12 | Siege Engine |
| 14:12 | Siege Engine |
| 14:22 | Peasant |
| 14:22 | Peasant |
| 14:40 | Mortar Team |
| 14:40 | Mortar Team |
| 14:47 | Advanced Lumber Harvesting |
| 15:08 | Lumber Mill |
| 15:09 | Peasant |
| 15:09 | Peasant |
| 15:09 | Peasant |
| 15:16 | Scout Tower |
| 15:19 | Scout Tower |
| 15:43 | Guard Tower |
| 15:45 | Farm |
| 15:45 | Farm |
| 15:54 | Lumber Mill |
| 16:01 | Scout Tower |
| 16:03 | Arcane Tower |
| 16:32 | Cannon Tower |
| 16:37 | Farm |
| 16:38 | Farm |
| 17:22 | Town Hall |
| 17:56 | Mortar Team |
| 17:56 | Mortar Team |
| 17:57 | Mortar Team |
| 18:42 | Rifleman |
| 18:42 | Rifleman |
| 19:20 | Rifleman |
| 19:59 | Mortar Team |
| 20:06 | Lesser Clarity Potion |
| 20:10 | Scroll of Regeneration |
| 20:15 | Lesser Clarity Potion |
| 20:21 | Scroll of Regeneration |
| 20:26 | Scroll of Town Portal |
| 20:38 | Scout Tower |
| 20:41 | Scout Tower |
| 20:43 | Scout Tower |
| 20:46 | Scout Tower |
| 20:47 | Scout Tower |
| 20:50 | Scout Tower |
| 21:05 | Farm |
| 21:07 | Guard Tower |
| 21:11 | Farm |
| 21:16 | Guard Tower |
| 21:24 | Guard Tower |
| 21:32 | Guard Tower |
| 21:36 | Peasant |
| 22:02 | Guard Tower |
| 22:07 | Guard Tower |
| 22:21 | Siege Engine |
| 22:45 | Siege Engine |
| 23:34 | Farm |
| 23:36 | Farm |
| 23:40 | Flame Strike |
| 24:55 | Siege Engine |
| 24:56 | Siege Engine |
| 25:11 | Scout Tower |
| 25:15 | Scout Tower |
| 25:17 | Scout Tower |
| 25:18 | Scout Tower |
| 25:31 | Refined Gunpowder |
| 25:32 | Reinforced Leather Armor |
| 25:35 | Advanced Masonry |
| 25:37 | Knight |
| 25:38 | Knight |
| 25:42 | Guard Tower |
| 25:45 | Guard Tower |
| 25:53 | Scout Tower |
| 25:56 | Guard Tower |
| 25:57 | Guard Tower |
| 25:59 | Scout Tower |
| 26:03 | Scout Tower |
| 26:23 | Guard Tower |
| 26:24 | Scout Tower |
| 26:29 | Guard Tower |
| 26:33 | Town Hall |
| 26:37 | Guard Tower |
| 26:40 | Scout Tower |
| 26:53 | Scout Tower |
| 27:10 | Orb of Fire |
| 27:10 | Orb of Fire |
| 27:16 | Guard Tower |
| 27:19 | Scout Tower |
| 27:23 | Guard Tower |
| 27:32 | Guard Tower |
| 27:34 | Scout Tower |
| 27:48 | Guard Tower |
| 27:50 | Scout Tower |
| 28:07 | Guard Tower |
| 28:09 | Scout Tower |
| 28:30 | Guard Tower |
| 28:36 | Scout Tower |
| 28:37 | Scout Tower |
| 29:01 | Scout Tower |
| 29:02 | Scout Tower |
| 29:02 | Scout Tower |
| 29:06 | Farm |
| 29:30 | Guard Tower |
| 29:31 | Farm |
| 29:36 | Goblin Zeppelin |
| 29:44 | Farm |
| 29:47 | Scout Tower |
| 30:11 | Cannon Tower |
| 30:45 | Siege Engine |
| 30:53 | Guard Tower |
| 30:57 | Scout Tower |
| 30:58 | Guard Tower |
| 31:03 | Scout Tower |
| 31:04 | Guard Tower |
| 31:43 | Knight |
| 31:43 | Knight |
| 31:43 | Knight |
| 32:29 | Knight |
| 32:30 | Knight |
| 32:37 | Altar of Kings |
| 32:57 | Altar of Kings |
| 33:13 | Farm |
| 33:16 | Guard Tower |
| Select group | 3854 |
| Right click | 2127 |
| Select | 426 |
| Assign group | 271 |
| Build/train/purchase | 155 |
| Misc. action | 85 |
| Use ability | 55 |
| Minimap ping | 18 |
| Item give/drop | 6 |
| Remove unit | 2 |
69 units @ 7k
/ 0.9k
141 buildings @ 9.5k
/ 4.3k
GIGA
(207)
(33:40) : 

| Peasant | 13 | 975 | / | 0 |
| Footman | 3 | 405 | / | 0 |
| Dragonhawk Rider | 4 | 800 | / | 120 |
| Goblin Zeppelin | 1 | 240 | / | 60 |
| total: | 21 | 2420g | / | 180w |
| Scout Tower | 54 | 1620 | / | 1080 |
| Arcane Tower | 7 | 490 | / | 350 |
| Guard Tower | 17 | 1190 | / | 850 |
| Altar of Kings | 1 | 180 | / | 50 |
| Farm | 10 | 800 | / | 200 |
| Arcane Vault | 3 | 390 | / | 90 |
| Lumber Mill | 2 | 240 | / | 0 |
| Barracks | 2 | 320 | / | 120 |
| Town Hall | 2 | 770 | / | 410 |
| Gryphon Aviary | 1 | 140 | / | 150 |
| Arcane Sanctum | 1 | 150 | / | 140 |
| Keep | 1 | 320 | / | 210 |
| Castle | 1 | 360 | / | 210 |
| total: | 76 | 4610g | / | 2240w |
| 0:04 | Peasant |
| 0:04 | Peasant |
| 0:11 | Altar of Kings |
| 0:21 | Peasant |
| 0:24 | Farm |
| 0:25 | Farm |
| 0:35 | Peasant |
| 0:48 | Arcane Vault |
| 0:53 | Lumber Mill |
| 1:00 | Peasant |
| 1:16 | Scout Tower |
| 1:21 | Peasant |
| 1:27 | Farm |
| 1:38 | Peasant |
| 1:39 | Peasant |
| 1:44 | Arcane Tower |
| 1:46 | Peasant |
| 1:56 | Improved Lumber Harvesting |
| 2:02 | Peasant |
| 2:10 | Barracks |
| 2:12 | Barracks |
| 2:23 | Storm Bolt |
| 3:33 | Peasant |
| 3:34 | Peasant |
| 3:35 | Footman |
| 3:35 | Footman |
| 3:43 | Scout Tower |
| 3:45 | Scout Tower |
| 4:10 | Guard Tower |
| 4:13 | Scout Tower |
| 4:15 | Peasant |
| 4:21 | Guard Tower |
| 4:24 | Arcane Vault |
| 4:32 | Footman |
| 4:38 | Keep |
| 5:21 | Guard Tower |
| 5:35 | Scout Tower |
| 5:36 | Scout Tower |
| 5:37 | Scout Tower |
| 5:37 | Scout Tower |
| 5:56 | Scout Tower |
| 5:57 | Scout Tower |
| 6:01 | Improved Masonry |
| 6:08 | Bash |
| 6:40 | Guard Tower |
| 6:45 | Guard Tower |
| 6:47 | Scout Tower |
| 6:48 | Scout Tower |
| 6:49 | Scout Tower |
| 6:50 | Scout Tower |
| 7:01 | Farm |
| 7:08 | Castle |
| 7:31 | Arcane Tower |
| 7:39 | Lumber Mill |
| 7:44 | Scout Tower |
| 7:45 | Arcane Tower |
| 7:49 | Scout Tower |
| 8:33 | Advanced Masonry |
| 8:37 | Guard Tower |
| 8:38 | Guard Tower |
| 8:39 | Guard Tower |
| 8:42 | Scout Tower |
| 8:43 | Scout Tower |
| 8:43 | Scout Tower |
| 8:49 | Holy Light |
| 9:44 | Guard Tower |
| 9:49 | Scout Tower |
| 9:50 | Scout Tower |
| 9:54 | Imbued Masonry |
| 10:07 | Gryphon Aviary |
| 10:21 | Arcane Vault |
| 10:23 | Guard Tower |
| 11:33 | Cloud |
| 11:35 | Dragonhawk Rider |
| 11:35 | Dragonhawk Rider |
| 11:44 | Goblin Zeppelin |
| 11:52 | Storm Bolt |
| 12:12 | Guard Tower |
| 12:18 | Scout Tower |
| 12:18 | Scout Tower |
| 12:19 | Scout Tower |
| 12:19 | Scout Tower |
| 12:20 | Scout Tower |
| 12:21 | Scout Tower |
| 12:22 | Scout Tower |
| 12:22 | Scout Tower |
| 12:23 | Scout Tower |
| 12:23 | Scout Tower |
| 12:49 | Arcane Sanctum |
| 14:07 | Magic Sentry |
| 15:28 | Arcane Tower |
| 15:30 | Guard Tower |
| 15:34 | Guard Tower |
| 21:48 | Town Hall |
| 22:02 | Scout Tower |
| 22:02 | Scout Tower |
| 22:03 | Scout Tower |
| 22:03 | Scout Tower |
| 22:04 | Scout Tower |
| 23:11 | Guard Tower |
| 23:49 | Divine Shield |
| 23:54 | Bash |
| 25:33 | Scout Tower |
| 25:34 | Scout Tower |
| 25:34 | Scout Tower |
| 25:35 | Scout Tower |
| 25:36 | Scout Tower |
| 25:37 | Scout Tower |
| 25:42 | Scout Tower |
| 25:43 | Scout Tower |
| 25:47 | Scout Tower |
| 25:48 | Scout Tower |
| 25:49 | Scout Tower |
| 25:50 | Scout Tower |
| 26:04 | Holy Light |
| 26:49 | Guard Tower |
| 27:20 | Arcane Tower |
| 27:21 | Arcane Tower |
| 28:00 | Town Hall |
| 30:05 | Scout Tower |
| 30:06 | Scout Tower |
| 30:07 | Scout Tower |
| 30:08 | Scout Tower |
| 30:08 | Scout Tower |
| 30:09 | Scout Tower |
| 30:56 | Farm |
| 30:57 | Farm |
| 31:00 | Guard Tower |
| 31:01 | Farm |
| 31:04 | Arcane Tower |
| 31:10 | Guard Tower |
| 32:11 | Farm |
| 32:11 | Farm |
| 32:14 | Farm |
| 33:08 | Dragonhawk Rider |
| 33:08 | Dragonhawk Rider |
| Right click | 2536 |
| Select group | 1781 |
| Select | 417 |
| Build/train/purchase | 70 |
| Use ability | 29 |
| Assign group | 24 |
| Resource trade | 19 |
| Minimap ping | 15 |
| Misc. action | 11 |
| Chat | 4 |


| Scroll of Regeneration | 1 | 100 |
| total: | 1 | 100g |
| Peasant | 25 | 1875 | / | 0 |
| Footman | 3 | 405 | / | 0 |
| Flying Machine | 16 | 1600 | / | 480 |
| Mortar Team | 4 | 720 | / | 280 |
| total: | 48 | 4600g | / | 760w |
| Scout Tower | 25 | 750 | / | 500 |
| Arcane Tower | 2 | 140 | / | 100 |
| Guard Tower | 9 | 630 | / | 450 |
| Altar of Kings | 1 | 180 | / | 50 |
| Farm | 29 | 2320 | / | 580 |
| Barracks | 1 | 160 | / | 60 |
| Lumber Mill | 3 | 360 | / | 0 |
| Town Hall | 1 | 385 | / | 205 |
| Blacksmith | 1 | 140 | / | 60 |
| Workshop | 4 | 560 | / | 560 |
| Keep | 1 | 320 | / | 210 |
| Castle | 1 | 360 | / | 210 |
| total: | 65 | 4855g | / | 2015w |
| 0:03 | Peasant |
| 0:12 | Peasant |
| 0:18 | Altar of Kings |
| 0:20 | Farm |
| 0:22 | Peasant |
| 0:35 | Barracks |
| 0:36 | Peasant |
| 0:40 | Peasant |
| 0:54 | Farm |
| 1:11 | Lumber Mill |
| 1:15 | Peasant |
| 1:35 | Footman |
| 1:39 | Peasant |
| 1:51 | Farm |
| 1:54 | Peasant |
| 2:01 | Footman |
| 2:11 | Peasant |
| 2:19 | Storm Bolt |
| 2:30 | Scout Tower |
| 2:46 | Arcane Tower |
| 2:54 | Footman |
| 2:58 | Scout Tower |
| 2:58 | Scout Tower |
| 3:23 | Peasant |
| 3:29 | Guard Tower |
| 4:01 | Guard Tower |
| 4:03 | Scout Tower |
| 4:24 | Peasant |
| 4:25 | Peasant |
| 4:28 | Guard Tower |
| 5:15 | Peasant |
| 5:16 | Peasant |
| 5:18 | Improved Masonry |
| 5:19 | Improved Lumber Harvesting |
| 5:28 | Town Hall |
| 5:36 | Scout Tower |
| 5:37 | Scout Tower |
| 5:39 | Scout Tower |
| 5:47 | Bash |
| 5:54 | Farm |
| 6:01 | Scout Tower |
| 6:01 | Scout Tower |
| 6:02 | Scout Tower |
| 6:10 | Guard Tower |
| 6:55 | Keep |
| 6:58 | Blacksmith |
| 7:01 | Scout Tower |
| 7:01 | Scout Tower |
| 7:04 | Scout Tower |
| 7:05 | Guard Tower |
| 7:07 | Peasant |
| 7:08 | Peasant |
| 7:27 | Scout Tower |
| 7:30 | Guard Tower |
| 8:38 | Guard Tower |
| 8:40 | Scout Tower |
| 8:40 | Scout Tower |
| 8:45 | Black Gunpowder |
| 8:56 | Storm Bolt |
| 9:17 | Arcane Tower |
| 9:42 | Scout Tower |
| 9:45 | Castle |
| 9:48 | Workshop |
| 9:56 | Advanced Lumber Harvesting |
| 9:56 | Advanced Masonry |
| 10:12 | Peasant |
| 10:12 | Peasant |
| 10:12 | Peasant |
| 10:34 | Guard Tower |
| 10:53 | Workshop |
| 10:55 | Flying Machine |
| 10:59 | Holy Light |
| 11:04 | Workshop |
| 11:07 | Workshop |
| 11:18 | Peasant |
| 11:18 | Peasant |
| 11:18 | Peasant |
| 11:51 | Mortar Team |
| 11:56 | Mortar Team |
| 12:01 | Farm |
| 12:02 | Farm |
| 12:21 | Flying Machine |
| 12:23 | Flak Cannons |
| 12:24 | Flying Machine Bombs |
| 12:24 | Fragmentation Shards |
| 12:27 | Peasant |
| 12:27 | Peasant |
| 12:27 | Peasant |
| 13:44 | Farm |
| 13:45 | Farm |
| 13:45 | Farm |
| 13:46 | Farm |
| 13:47 | Farm |
| 13:47 | Farm |
| 13:50 | Mortar Team |
| 14:53 | Flying Machine |
| 14:54 | Flying Machine |
| 14:54 | Flying Machine |
| 14:54 | Flying Machine |
| 14:54 | Flying Machine |
| 14:54 | Flying Machine |
| 14:55 | Flying Machine |
| 15:05 | Refined Gunpowder |
| 15:24 | Farm |
| 15:27 | Farm |
| 15:53 | Flying Machine |
| 15:53 | Flying Machine |
| 16:03 | Farm |
| 16:05 | Farm |
| 16:08 | Farm |
| 16:11 | Farm |
| 16:30 | Imbued Gunpowder |
| 16:43 | Farm |
| 17:31 | Flying Machine |
| 18:13 | Flying Machine |
| 18:13 | Flying Machine |
| 18:46 | Flare |
| 19:19 | Farm |
| 19:19 | Farm |
| 19:20 | Farm |
| 19:20 | Farm |
| 19:20 | Farm |
| 19:21 | Farm |
| 19:21 | Farm |
| 19:21 | Farm |
| 19:22 | Farm |
| 19:22 | Farm |
| 19:41 | Divine Shield |
| 20:03 | Scroll of Regeneration |
| 20:26 | Scout Tower |
| 20:26 | Scout Tower |
| 20:27 | Scout Tower |
| 20:28 | Scout Tower |
| 20:29 | Scout Tower |
| 20:31 | Scout Tower |
| 21:18 | Lumber Mill |
| 22:11 | Guard Tower |
| 24:13 | Mortar Team |
| 25:13 | Scout Tower |
| 25:13 | Scout Tower |
| 26:06 | Bash |
| 26:08 | Holy Light |
| 27:49 | Iron Plating |
| 28:02 | Lumber Mill |
| 30:10 | Flying Machine |
| 30:10 | Flying Machine |
| 33:33 | Divine Shield |
| Right click | 1547 |
| Select group | 707 |
| Select | 416 |
| Misc. action | 110 |
| Build/train/purchase | 100 |
| Use ability | 76 |
| Assign group | 16 |
| Resource trade | 15 |
| Minimap ping | 10 |
| Esc | 2 |
โ